 Dungeon Crawl Stone Soup version 0.27-a0-385-g3208abaabc (webtiles) character file.

Game seed: 14443974482246441104

2304 jestyr24 the Carver (level 9, -10/42 (81) HPs)
             Began as a Minotaur Fighter on Feb 20, 2021.
             Mangled by an orc warrior
             ... wielding a +0 glaive
              (23 damage)
             ... in a bailey.
             The game lasted 00:23:58 (6141 turns).

jestyr24 the Carver (Minotaur Fighter)              Turns: 6141, Time: 00:24:00

HP:   -10/42 (81)   AC: 19    Str: 24    XL:     9   Next: 18%
MP:   8/8           EV:  5    Int: 11    God:
Gold: 510           SH: 11    Dex: 10    Spells: 8/8 levels left

rFire    . . .     SeeInvis .   x - +4 falchion (freeze)
rCold    . . .     Faith    .   c - +0 kite shield
rNeg     . . .     Spirit   .   y - +4 plate armour of Casij {+Fly Regen+}
rPois    .         Reflect  .   (helmet restricted)
rElec    .         Harm     .   (no cloak)
rCorr    .         Rampage  .   v - +0 pair of gloves
Will     .....                  t - +0 pair of boots
Stlth    ..........             (no amulet)
HPRegen  1.14/turn              o - +6 ring of intelligence
MPRegen  0.11/turn              (no ring)

@: about to teleport, very heavily drained
A: retaliatory headbutt, horns 2
a: Evoke Flight


You were in a bailey.
You visited 1 branch of the dungeon, and saw 7 of its levels.
You also visited: Bailey.

You collected 510 gold pieces.

Inventory:

Hand Weapons
 a - a +1 long sword
 l - a +2 flail of draining
 x - a +4 falchion of freezing (weapon)
Missiles
 k - 36 poisoned darts (quivered)
 p - 2 throwing nets
Armour
 c - a +0 kite shield (worn)
 t - a +0 pair of boots (worn)
 v - a +0 pair of gloves (worn)
 y - the +4 plate armour of Casij (worn) {+Fly Regen+}
   (You found it on level 7 of the Dungeon)

   It lets you fly.
   It increases your rate of regeneration.
Jewellery
 o - a +6 ring of intelligence (left hand)
Wands
 b - a wand of iceblast (4)
 w - a wand of paralysis (5)
Scrolls
 e - a scroll of blinking
 i - 11 scrolls of identify
 m - 3 scrolls of enchant weapon
 r - 2 scrolls of fog
Potions
 d - a potion of might
 f - 2 potions of haste
 n - a potion of brilliance
 s - 2 potions of lignification {unknown}
 u - a potion of resistance {unknown}


   Skills:
 * Level 7.8 Fighting
 + Level 9.6 Long Blades
 + Level 7.3 Armour
 + Level 0.6 Dodging
 - Level 0.1 Stealth
 + Level 7.3 Shields


You had 8 spell levels left.
You didn't know any spells.
Your spell library contained the following spells:

 Spells                   Type           Power        Failure   Level
 Corona                   Hex            0%           100%        1
 Slow                     Hex            0%           100%        2
 Inner Flame              Hex/Fire       0%           100%        3
 Portal Projectile        Hex/Tloc       0%           100%        3
 Cause Fear               Hex            0%           100%        4
 Leda's Liquefaction      Hex/Erth       0%           100%        4


Dungeon Overview and Level Annotations

Branches:
Dungeon (7/15)             Temple (0/1) D:6          Bailey (1/1)

Altars:
Dithmenos
Fedhas
Sif Muna
Uskayaw
Wu Jian
Yredelemnul


Innate Abilities, Weirdness & Mutations

You reflexively headbutt those who attack you in melee.
You have a pair of horns on your head.


Message History

You block the orc warrior's attack.
The centaur hits you but does no damage.
You block the orc warrior's attack.
You hit the centaur but do no damage. You headbutt the centaur!
The centaur is moderately wounded.
You block the orc's attack.
The centaur hits you but does no damage.
The orc warrior barely misses you.
The centaur hits you but does no damage.
You hit the centaur. You freeze the centaur.
You headbutt the centaur, but do no damage.
The centaur is severely wounded.
The centaur hits you but does no damage.
The orc completely misses you.
The orc warrior hits you from afar with a +0 glaive.
The orc warrior hits you from afar with a +0 glaive!
* * * LOW HITPOINT WARNING * * *
The centaur hits you but does no damage.
You block the orc warrior's attack.
The orc warrior hits you from afar with a +0 glaive.
* * * LOW HITPOINT WARNING * * *
You block the centaur's attack. The orc hits you but does no damage.
Unknown command.
Unknown command.
As you read the scroll of teleportation, it crumbles to dust.
You feel strangely unstable. You block the centaur's attack.
The orc warrior hits you but does no damage.
The orc warrior hits you from afar with a +0 glaive.
* * * LOW HITPOINT WARNING * * *
You block the orc warrior's attack.
The centaur hits you but does no damage.
The orc warrior hits you but does no damage.
The orc barely misses you.
You feel better. You block the centaur's attack.
An orc comes into view. It is wielding a +0 halberd.
The centaur hits you but does no damage.
You block the orc warrior's attack.
The orc warrior hits you from afar with a +0 glaive!!
Ouch! That really hurt!
You die...

##################
##≈≈≈≈≈≈≈≈≈≈≈≈≈≈≈≈≈
##≈≈≈≈≈≈≈≈≈≈≈≈≈≈≈≈≈≈
##≈≈≈≈≈≈≈≈oo.....≈≈≈≈
#≈≈≈≈≈≈≈..≈≈≈.≈≈≈..≈≈
#≈≈≈≈≈..≈≈≈c@...≈≈≈..
#≈≈≈≈.≈≈≈.oc..oo..≈≈≈
#≈≈≈≈.≈....o≈≈≈.....≈
#≈≈≈.≈≈.⌠..≈≈o≈≈..⌠.≈
#≈≈≈.≈.....≈≈≈≈≈.....
#≈≈.≈≈....≈≈≈≈≈≈≈....
#≈≈.≈.....≈≈≈≈≈≈≈....
#≈≈.≈.....≈≈≈=≈≈≈o..
#≈≈.≈.....≈


You could see 4 orc warriors, 2 centaurs and 4 orcs.

Vanquished Creatures
  An ice beast (D:6)
  4 orc warriors (Bailey)
  3 ogres
  6 centaurs
  A phantom (D:7)
  A kobold brigand (D:7)
  A scorpion (D:5)
  5 wights (D:6)
  2 howler monkeys
  A bullfrog zombie (D:6)
  A hound (D:6)
  3 orc wizards
  6 worker ants
  An iguana (D:3)
  A hound zombie (D:5)
  A hound skeleton (D:5)
  A worker ant zombie (D:5)
  A howler monkey skeleton (D:5)
  5 adders
  A shadow imp (D:5)
  3 white imps
  An ufetubus (D:7)
  An ooze (D:5)
  4 worms (D:2)
  5 dart slugs (D:1)
  4 leopard geckos
  33 orcs
  9 giant cockroaches
  9 hobgoblins
  4 jackals
  17 kobolds
  2 quokkas
  8 bats
  6 frilled lizards
  14 goblins
  A leopard gecko skeleton (D:7)
  7 rats
174 creatures vanquished.

Vanquished Creatures (others)
  An orc wizard (D:4)
  30 plants (D:6)
31 creatures vanquished.

Grand Total: 205 creatures vanquished

Notes
Turn   | Place    | Note
-------+----------+-------------------------------------------
     0 | D:1      | jestyr24 the Minotaur Fighter began the quest for the Orb.
     0 | D:1      | Reached XP level 1. HP: 19/19 MP: 0/0
   136 | D:1      | Reached XP level 2. HP: 21/27 MP: 1/1
   640 | D:1      | Reached skill level 3 in Long Blades
   640 | D:1      | Reached XP level 3. HP: 33/33 MP: 2/2
   998 | D:2      | Reached XP level 4. HP: 40/40 MP: 3/3
  1194 | D:2      | Reached skill level 4 in Long Blades
  1699 | D:3      | Reached XP level 5. HP: 47/47 MP: 4/4
  1803 | D:3      | Found an ornate altar of the Wu Jian Council.
  2395 | D:4      | Noticed an ogre
  2404 | D:4      | Killed an ogre
  2405 | D:4      | Reached skill level 5 in Long Blades
  2757 | D:4      | Reached XP level 6. HP: 51/53 MP: 5/5
  2761 | D:4      | Reached skill level 5 in Armour
  3097 | D:4      | Found a shimmering blue altar of Sif Muna.
  3277 | D:4      | Reached skill level 5 in Fighting
  3277 | D:4      | Reached skill level 6 in Long Blades
  3662 | D:5      | Entered Level 5 of the Dungeon
  3753 | D:5      | Reached skill level 5 in Shields
  3753 | D:5      | Reached XP level 7. HP: 46/61 MP: 6/6
  3859 | D:5      | Found a blossoming altar of Fedhas.
  3996 | D:5      | Reached skill level 7 in Long Blades
  4529 | D:6      | Found a basalt altar of Yredelemnul.
  4861 | D:6      | Reached XP level 8. HP: 70/70 MP: 7/7
  4980 | D:6      | Reached skill level 8 in Long Blades
  5164 | D:6      | Found a staircase to the Ecumenical Temple.
  5432 | D:7      | Found a hide-covered altar of Uskayaw.
  5608 | D:7      | Found a shadowy altar of Dithmenos.
  5631 | D:7      | Found a flagged portal.
  5659 | D:7      | Got a polished plate armour
  5670 | D:7      | Identified the +4 plate armour of Casij {+Fly Regen+} (You
                  | found it on level 7 of the Dungeon)
  5678 | Bailey   | Entered a bailey
  5691 | Bailey   | Reached skill level 9 in Long Blades
  5837 | Bailey   | Reached XP level 9. HP: 17/79 MP: 8/8
  6141 | Bailey   | Mangled by an orc warrior

Illustrated notes

Levels and vault maps discovered:
D:1:      evilmike_arrival_fibonacci_small, layout_basic, st_stairs_4
D:2:      layout_basic, minmay_tetromino_i2
D:3:      layout_loops_ring, nzn_wu_jian_contemplation
D:4:      layout_loops_corners, led_sif_pool, abandoned_shop
D:5:      layout_cave_pools, kennysheep_little_box
D:6:      layout_gridville, nicolae_overflow_crystal_walls,
          minmay_temple_entry_trees, serial_bayou_lagoon_a
D:7:      layout_basic, grunt_dithmenos_smoke, lemuel_crystal_altar,
          enter_bailey_5
Bailey:   bailey_polearm_flooded_kennysheep, bailey

Skill      XL: |  1  2  3  4  5  6  7  8 |
---------------+-------------------------+-----
Fighting       | 4 5 6 7 |  7.8
Armour         | 4 5 6 7 |  7.3
Long Blades    | 3 4 5 6 7 9 |  9.6
Shields        | 4 5 7 |  7.3
Dodging        | |  0.6
Stealth        | |  0.1

Action                   |  1- 3 |  4- 6 |  7- 9 || total
-------------------------+-------+-------+-------++-------
Melee: Long sword        |   101 |   167 |   105 ||   373
       Headbutt          |    14 |    24 |    57 ||    95
       Falchion          |       |       |   164 ||   164
 Abil: Evoke Flight      |       |       |     3 ||     3
  Use: Potion            |       |     5 |     2 ||     7
       Scroll            |       |     4 |     2 ||     6
Armor: Plate armour      |    52 |   101 |   200 ||   353
       Scale mail        |     7 |       |       ||     7
Dodge: Dodged            |    15 |    42 |    75 ||   132
Block: Kite shield       |    44 |    78 |   182 ||   304
       Rpst.: Long sword |     3 |    14 |     3 ||    20
       Falchion          |       |       |     8 ||     8

Table legend: (Time is in decaauts)
 A = Elapsed time spent in this place.
 B = Non-inter-level travel time spent in this place.
 C = Inter-level travel time spent in this place.
 D = Time resting spent in this place.
 E = Time spent auto-exploring this place.
 F = Levels seen in this place.
 G = Mean time per level.
                   A        B        C        D        E       F      G
               +--------+--------+--------+--------+--------+-----+--------+
         Total |   6306 |   6193 |    113 |   1091 |   2881 |   8 |  788.2 |
       Dungeon |   5842 |   5729 |    113 |   1041 |   2881 |   7 |  834.6 |
        Bailey |    464 |    464 |      0 |     50 |      0 |   1 |  464.0 |
               +--------+--------+--------+--------+--------+-----+--------+

Top non-repeatable levels by time:
     D:4: 1614 daAuts
     D:6: 891 daAuts
     D:5: 874 daAuts
     D:1: 861 daAuts
     D:3: 682 daAuts
     D:2: 620 daAuts
  Bailey: 464 daAuts
     D:7: 298 daAuts
